3L
VANCOUVER GREY WOLVES @ BROOKLYN DODGERS
07/27/2042
 
TOP OF THE 1ST
Vancouver Grey Wolves batting - Pitching for Brooklyn Dodgers : RHP Emerson Horton
Pitching: RHP Emerson Horton
Batting: SHB Willie McGirt 0-0: Fly out, F7 (Flyball, 7LS, EV 90.6 MPH)
Batting: RHB Rafael Maldonado 0-0: Ball
1-0: Ground out U3 (Groundball, 3, EV 107.5 MPH)
Batting: SHB John Hawley 0-0: Ball
1-0: Called Strike
1-1: Ball
2-1: Swinging Strike
2-2: Strikes out swinging
Top of the 1st over - 0 runs, 0 hits, 0 errors, 0 left on base; Vancouver 0 - Brooklyn 0
BOTTOM OF THE 1ST
Brooklyn Dodgers batting - Pitching for Vancouver Grey Wolves : RHP José García
Pitching: RHP José García
Batting: SHB Fa-hsien Tze 0-0: Fly out, F7 (Flyball, 78S, EV 85.0 MPH)
Batting: RHB Carlos Muñóz 0-0: SINGLE (Groundball, 56D, EV 98.8 MPH)
Batting: LHB Tony Wonder 0-0: DOUBLE (Line Drive, 9LS, EV 96.9 MPH)
Carlos Muñóz to third
Batting: LHB Richello Mabait 0-0: Called Strike
0-1: Ball
1-1: Ball
2-1: Ball
3-1: Foul Ball, location: 2F
3-2: Foul Ball, location: 2F
3-2: Base on Balls
Batting: RHB Bill Chaundler 0-0: Ball
1-0: Ball
2-0: Fly out, F2 (Popup, 2RF, EV 92.5 MPH)
Batting: LHB Jung-joon Yi 0-0: Ball
1-0: Ball
2-0: Ground out 4-3 (Groundball, 4, EV 90.0 MPH)
Bottom of the 1st over - 0 runs, 2 hits, 0 errors, 3 left on base; Vancouver 0 - Brooklyn 0
TOP OF THE 2ND
Vancouver Grey Wolves batting - Pitching for Brooklyn Dodgers : RHP Emerson Horton
Batting: LHB José Arras 0-0: Ball
1-0: Swinging Strike
1-1: Foul Ball, location: 2F
1-2: Strikes out looking
Batting: RHB José Torres 0-0: Ball
1-0: Called Strike
1-1: Fly out, F7 (Line Drive, 7D, EV 88.8 MPH)
Batting: LHB Javier Caceres 0-0: Foul Ball, location: 2F
0-1: Foul Ball, location: 2F
0-2: Foul Ball, location: 2F
0-2: Ball
1-2: Foul Ball, location: 2F
1-2: SOLO HOME RUN (Flyball, 89XD, EV 96.9 MPH), Distance : 405 ft
Batting: RHB David Stone 0-0: Foul Ball, location: 2F
0-1: SINGLE (Flyball, 9LS, EV 95.6 MPH)
Batting: LHB Cameron Woolever 0-0: Ball
1-0: Called Strike
1-1: Ball
2-1: Ball
3-1: Swinging Strike
3-2: Foul Ball, location: 2F
3-2: SINGLE (Flyball, 89S, EV 93.8 MPH)
David Stone to second
David Stone to third
Batting: RHB Kao-tsu Koo 0-0: Ball
1-0: Called Strike
1-1: Foul Ball, location: 2F
1-2: Fly out, F8 (Line Drive, 8LD, EV 99.4 MPH)
Top of the 2nd over - 1 run, 3 hits, 0 errors, 2 left on base; Vancouver 1 - Brooklyn 0
BOTTOM OF THE 2ND
Brooklyn Dodgers batting - Pitching for Vancouver Grey Wolves : RHP José García
Batting: LHB Tim Stinson 0-0: Called Strike
0-1: Ball
1-1: Ball
2-1: Ball
3-1: Base on Balls
Batting: RHB Quindarious Monday 0-0: Called Strike
0-1: Foul Ball, location: 2F
0-2: Ball
1-2: Ball
2-2: Ball
3-2: 2-RUN HOME RUN (Flyball, 78XD, EV 97.5 MPH), Distance : 425 ft
Batting: RHB Alexis Hines 0-0: Ball
1-0: Foul Ball, location: 2F
1-1: Swinging Strike
1-2: Ball
2-2: Ball
3-2: Ground out 6-3 (Groundball, 6, EV 105.0 MPH)
Batting: SHB Fa-hsien Tze 0-0: Called Strike
0-1: Swinging Strike
0-2: Ball
1-2: Ball
2-2: SINGLE (Line Drive, 8LS, EV 91.2 MPH)
Batting: RHB Carlos Muñóz 0-0: Ball
1-0: Ball
2-0: Ball
3-0: Called Strike
3-1: Foul Ball, location: 2F
3-2: SINGLE (Groundball, 4MD, EV 102.5 MPH)
Fa-hsien Tze to second
Runner from 2nd tries for 3rd, SAFE, no throw by CF
Batting: LHB Tony Wonder 0-0: Ball
1-0: Called Strike
1-1: Fly out, F8 (Flyball, 8LS, EV 90.0 MPH)
Batting: LHB Richello Mabait 0-0: Ball
Pickoff Throw to First - Out! 1-3
Bottom of the 2nd over - 2 runs, 3 hits, 0 errors, 1 left on base; Vancouver 1 - Brooklyn 2
TOP OF THE 3RD
Vancouver Grey Wolves batting - Pitching for Brooklyn Dodgers : RHP Emerson Horton
Batting: SHB Willie McGirt 0-0: Called Strike
0-1: Ball
1-1: Ball
2-1: Foul Ball, location: 2F
2-2: Ground out 1-3 (Groundball, 34S, EV 86.2 MPH)
Batting: RHB Rafael Maldonado 0-0: Fly out, F7 (Flyball, 7S, EV 91.2 MPH)
Batting: SHB John Hawley 0-0: Called Strike
0-1: Ball
1-1: SINGLE (Groundball, 6D, EV 109.4 MPH)
Batting: LHB José Arras 0-0: Called Strike
John Hawley steals 2nd base
0-1: Fly out, F6 (Popup, 6, EV 71.2 MPH)
Top of the 3rd over - 0 runs, 1 hit, 0 errors, 1 left on base; Vancouver 1 - Brooklyn 2
BOTTOM OF THE 3RD
Brooklyn Dodgers batting - Pitching for Vancouver Grey Wolves : RHP José García
Batting: LHB Richello Mabait 0-0: Ball
1-0: Ball
2-0: Foul Ball, location: 2F
2-1: Fly out, F7 (Line Drive, 7D, EV 91.9 MPH)
Batting: RHB Bill Chaundler 0-0: Called Strike
0-1: Ball
1-1: Called Strike
1-2: Ball
2-2: Ball
3-2: Fly out, F9 (Flyball, 9S, EV 82.5 MPH)
Batting: LHB Jung-joon Yi 0-0: Foul Ball, location: 2F
0-1: Foul Ball, location: 2F
0-2: Ball
1-2: Ball
2-2: Fly out, F7 (Flyball, 7, EV 85.6 MPH)
Bottom of the 3rd over - 0 runs, 0 hits, 0 errors, 0 left on base; Vancouver 1 - Brooklyn 2
TOP OF THE 4TH
Vancouver Grey Wolves batting - Pitching for Brooklyn Dodgers : RHP Emerson Horton
Batting: RHB José Torres 0-0: Called Strike
0-1: Ground out U3 (Groundball, 3, EV 81.2 MPH)
Batting: LHB Javier Caceres 0-0: Ball
1-0: Ball
2-0: Swinging Strike
2-1: Called Strike
2-2: Ball
3-2: Base on Balls
Batting: RHB David Stone 0-0: Ball
1-0: Ball
2-0: Ball
3-0: Called Strike
3-1: Foul Ball, location: 2F
3-2: Base on Balls
Javier Caceres to second
Batting: LHB Cameron Woolever 0-0: Ball
1-0: Foul Ball, location: 2F
1-1: Foul Ball, location: 2F
1-2: Reached on error, E6 (Groundball, 6S, EV 89.4 MPH)
Javier Caceres to third
David Stone to second
Batting: RHB Kao-tsu Koo 0-0: Called Strike
0-1: Ball
1-1: Swinging Strike
1-2: Strikes out swinging
Batting: SHB Willie McGirt 0-0: Swinging Strike
0-1: Swinging Strike
0-2: Ball
1-2: Foul Ball, location: 2F
1-2: Ball
2-2: Ball
3-2: Fly out, F9 (Line Drive, 9D, EV 103.1 MPH)
Top of the 4th over - 0 runs, 0 hits, 1 error, 3 left on base; Vancouver 1 - Brooklyn 2
BOTTOM OF THE 4TH
Brooklyn Dodgers batting - Pitching for Vancouver Grey Wolves : RHP José García
Batting: LHB Tim Stinson 0-0: Ball
1-0: Foul Ball, location: 2F
1-1: DOUBLE (Line Drive, 78D, EV 110.6 MPH)
Batting: RHB Quindarious Monday 0-0: Ball
1-0: Ground out 6-3 (Groundball, 6MS, EV 81.9 MPH)
Tim Stinson to third
Batting: RHB Alexis Hines 0-0: Called Strike
0-1: Ball
1-1: Called Strike
1-2: Ball
2-2: Strikes out swinging
Batting: SHB Fa-hsien Tze 0-0: Called Strike
0-1: Ground out 4-3 (Groundball, 34, EV 77.5 MPH)
Bottom of the 4th over - 0 runs, 1 hit, 0 errors, 1 left on base; Vancouver 1 - Brooklyn 2
TOP OF THE 5TH
Vancouver Grey Wolves batting - Pitching for Brooklyn Dodgers : RHP Emerson Horton
Batting: RHB Rafael Maldonado 0-0: Called Strike
0-1: Ball
1-1: Ball
2-1: Called Strike
2-2: Strikes out swinging, 2-3 out at first.
Batting: SHB John Hawley 0-0: Ball
1-0: Ball
2-0: Ground out U3 (Groundball, 34, EV 99.4 MPH)
Batting: LHB José Arras 0-0: Called Strike
0-1: Ball
1-1: Foul Ball, location: 2F
1-2: Ball
2-2: Foul Ball, location: 2F
2-2: Foul Ball, location: 2F
2-2: Foul Ball, location: 2F
2-2: Ball
3-2: Base on Balls
Batting: RHB José Torres 0-0: Ball
1-0: Single, Error in OF, E7, batter to second base (Groundball, 56D, EV 96.9 MPH)
José Arras to third
Batting: LHB Javier Caceres 0-0: Ground out 1-3 (Groundball, 34S, EV 65.6 MPH)
Top of the 5th over - 0 runs, 1 hit, 1 error, 2 left on base; Vancouver 1 - Brooklyn 2
BOTTOM OF THE 5TH
Brooklyn Dodgers batting - Pitching for Vancouver Grey Wolves : RHP José García
Batting: RHB Carlos Muñóz 0-0: SINGLE (Line Drive, 9S, EV 95.6 MPH)
Batting: LHB Tony Wonder 0-0: Foul Ball, location: 2F
0-1: Ball
1-1: Foul Ball, location: 2F
1-2: Ball
2-2: Ball
3-2: SINGLE (Groundball, 4MD, EV 99.4 MPH)
Carlos Muñóz to second
Batting: LHB Richello Mabait 0-0: Ball
1-0: Ball
2-0: Ball
3-0: Base on Balls
Carlos Muñóz to third
Tony Wonder to second
Batting: RHB Bill Chaundler 0-0: Ball
1-0: Called Strike
1-1: Swinging Strike
1-2: Grounds into double play, 6-4-3 (Groundball, 6, EV 90.0 MPH)
Carlos Muñóz scores
Tony Wonder to third
Pitching: RHP Ray Skipworth
Batting: LHB Jung-joon Yi 0-0: Called Strike
0-1: Foul Ball, location: 2F
0-2: Strikes out swinging
Bottom of the 5th over - 1 run, 2 hits, 0 errors, 1 left on base; Vancouver 1 - Brooklyn 3
TOP OF THE 6TH
Vancouver Grey Wolves batting - Pitching for Brooklyn Dodgers : RHP Emerson Horton
Batting: RHB David Stone 0-0: Swinging Strike
0-1: Ball
1-1: Called Strike
1-2: Ball
2-2: Ball
3-2: Foul Ball, location: 2F
3-2: Base on Balls
Batting: LHB Cameron Woolever 0-0: Called Strike
0-1: Ball
1-1: Fly out, F8 (Flyball, 8LXD, EV 108.8 MPH)
Pitching: RHP Liam Bane
Batting: RHB Kao-tsu Koo 0-0: Called Strike
0-1: Ball
1-1: Fly out, F9 (Line Drive, 9, EV 93.1 MPH)
Batting: SHB Willie McGirt 0-0: Ball
1-0: Ball
2-0: Called Strike
2-1: Ball
3-1: Swinging Strike
3-2: Base on Balls
David Stone to second
Batting: RHB Rafael Maldonado 0-0: Ball
1-0: DOUBLE (Flyball, 8RXD, EV 105.6 MPH)
David Stone scores
Willie McGirt to third
Runner from 3rd tries for Home, SAFE, throw by CF to home
Batting: SHB John Hawley 0-0: Swinging Strike
0-1: Ball
1-1: Swinging Strike
1-2: Ball
2-2: Ball
3-2: DOUBLE (Flyball, 7LD, EV 100.6 MPH)
Rafael Maldonado scores
Batting: LHB José Arras 0-0: Ball
1-0: Foul Ball, location: 2F
1-1: Ball
2-1: Foul Ball, location: 2F
2-2: Ball
3-2: Foul Ball, location: 2F
3-2: DOUBLE (Line Drive, 9D, EV 98.8 MPH)
John Hawley scores
Pitching: RHP Tom DeHart
Batting: RHB José Torres 0-0: Ball
1-0: Ball
2-0: DOUBLE (Line Drive, 8RD, EV 90.6 MPH)
José Arras scores
Batting: LHB Javier Caceres 0-0: Called Strike
0-1: Ground out 1-3 (Groundball, 34S, EV 78.1 MPH)
Top of the 6th over - 5 runs, 4 hits, 0 errors, 1 left on base; Vancouver 6 - Brooklyn 3
BOTTOM OF THE 6TH
Brooklyn Dodgers batting - Pitching for Vancouver Grey Wolves : RHP Ray Skipworth
Batting: LHB Tim Stinson 0-0: Foul Ball, location: 2F
0-1: Ground out 4-3 (Groundball, 4, EV 80.0 MPH)
Batting: RHB Quindarious Monday 0-0: Ball
1-0: Fly out, F8 (Flyball, 8RS, EV 88.1 MPH)
Batting: RHB Alexis Hines 0-0: Called Strike
0-1: Foul Ball, location: 2F
0-2: Foul Ball, location: 2F
0-2: Ball
1-2: Ball
2-2: Ball
3-2: Base on Balls
Batting: SHB Fa-hsien Tze 0-0: Called Strike
0-1: Foul Ball, location: 2F
0-2: Fly out, F7 (Flyball, 7S, EV 73.8 MPH)
Bottom of the 6th over - 0 runs, 0 hits, 0 errors, 1 left on base; Vancouver 6 - Brooklyn 3
TOP OF THE 7TH
Vancouver Grey Wolves batting - Pitching for Brooklyn Dodgers : RHP Tom DeHart
Batting: RHB David Stone 0-0: Foul Ball, location: 2F
0-1: Swinging Strike
0-2: Ball
1-2: Strikes out swinging
Batting: LHB Cameron Woolever 0-0: Called Strike
0-1: Ball
1-1: Swinging Strike
1-2: Ground out 4-3 (Groundball, 4, EV 90.6 MPH)
Batting: RHB Kao-tsu Koo 0-0: Ball
1-0: Called Strike
1-1: Foul Ball, location: 2F
1-2: Ball
2-2: Ground out 5-3 (Groundball, 56, EV 101.2 MPH)
Top of the 7th over - 0 runs, 0 hits, 0 errors, 0 left on base; Vancouver 6 - Brooklyn 3
BOTTOM OF THE 7TH
Brooklyn Dodgers batting - Pitching for Vancouver Grey Wolves : RHP Ray Skipworth
Batting: RHB Carlos Muñóz 0-0: Ball
1-0: Ground out 5-3 (Groundball, 56S, EV 83.8 MPH)
Batting: LHB Tony Wonder 0-0: Called Strike
0-1: Swinging Strike
0-2: Ball
1-2: Foul Ball, location: 2F
1-2: Ball
2-2: Foul Ball, location: 2F
2-2: Ball
3-2: Foul Ball, location: 2F
3-2: Strikes out swinging
Batting: LHB Richello Mabait 0-0: Fly out, F6 (Flyball, 56D, EV 91.9 MPH)
Bottom of the 7th over - 0 runs, 0 hits, 0 errors, 0 left on base; Vancouver 6 - Brooklyn 3
TOP OF THE 8TH
Vancouver Grey Wolves batting - Pitching for Brooklyn Dodgers : RHP Tom DeHart
Batting: SHB Willie McGirt 0-0: Ball
1-0: Called Strike
1-1: Foul Ball, location: 2F
1-2: Fly out, F6 (Popup, P, EV 90.6 MPH)
Batting: RHB Rafael Maldonado 0-0: Ball
1-0: Ball
2-0: Called Strike
2-1: Fly out, F9 (Flyball, 9LM, EV 86.2 MPH)
Batting: SHB John Hawley 0-0: Ball
1-0: Called Strike
1-1: Swinging Strike
1-2: Strikes out swinging
Top of the 8th over - 0 runs, 0 hits, 0 errors, 0 left on base; Vancouver 6 - Brooklyn 3
BOTTOM OF THE 8TH
Brooklyn Dodgers batting - Pitching for Vancouver Grey Wolves : RHP Ray Skipworth
Pitching: RHP Terry Lesage
Now at C: Jimmy Scott
Now at 3B: Alejandro Cantú
Batting: RHB Bill Chaundler 0-0: Ball
1-0: SINGLE (Groundball, 6D, EV 98.1 MPH)
Batting: LHB Jung-joon Yi 0-0: Called Strike
0-1: Foul Ball, location: 2F
0-2: Fly out, F8 (Flyball, 89D, EV 100.6 MPH)
Batting: LHB Tim Stinson 0-0: Called Strike
0-1: Ball
1-1: Ball
2-1: 2-RUN HOME RUN (Flyball, 89XD, EV 96.2 MPH), Distance : 415 ft
Batting: RHB Quindarious Monday 0-0: Foul Ball, location: 2F
0-1: Swinging Strike
0-2: Foul Ball, location: 2F
0-2: Strikes out swinging
Batting: RHB Alexis Hines 0-0: Fly out, F9 (Flyball, 89D, EV 98.1 MPH)
Bottom of the 8th over - 2 runs, 2 hits, 0 errors, 0 left on base; Vancouver 6 - Brooklyn 5
TOP OF THE 9TH
Vancouver Grey Wolves batting - Pitching for Brooklyn Dodgers : RHP Tom DeHart
Batting: LHB José Arras 0-0: Ball
1-0: Called Strike
1-1: Foul Ball, location: 2F
1-2: Foul Ball, location: 2F
1-2: Foul Ball, location: 2F
1-2: Foul Ball, location: 2F
1-2: Ball
2-2: Foul Ball, location: 2F
2-2: Foul Ball, location: 2F
2-2: Strikes out swinging
Batting: RHB José Torres 0-0: Called Strike
0-1: Ball
1-1: Foul Ball, location: 2F
1-2: Ball
2-2: SINGLE (Groundball, 6D, EV 95.6 MPH)
Pitching: RHP Maverick Handley
Batting: LHB Javier Caceres 0-0: Called Strike
0-1: Ball
1-1: Foul Ball, location: 2F
1-2: Ball
2-2: Strikes out swinging
Batting: RHB David Stone 0-0: Ball
1-0: SINGLE (Flyball, 9LM, EV 84.4 MPH)
José Torres to second
Runner from 2nd tries for 3rd, SAFE, no throw by RF
Batting: LHB Cameron Woolever 0-0: Ball
1-0: SINGLE (Line Drive, 56D, EV 99.4 MPH)
José Torres scores
David Stone to second
Batting: RHB Jimmy Scott 0-0: Called Strike
0-1: Swinging Strike
0-2: Ground out 6-3 (Groundball, 6, EV 86.9 MPH)
Top of the 9th over - 1 run, 3 hits, 0 errors, 2 left on base; Vancouver 7 - Brooklyn 5
BOTTOM OF THE 9TH
Brooklyn Dodgers batting - Pitching for Vancouver Grey Wolves : RHP Terry Lesage
Batting: SHB Fa-hsien Tze 0-0: Ball
1-0: Ball
2-0: Called Strike
2-1: Foul Ball, location: 2F
2-2: SINGLE (Line Drive, 6D, EV 95.6 MPH)
Batting: RHB Carlos Muñóz 0-0: Ball
1-0: Called Strike
1-1: Foul Ball, location: 2F
1-2: Fly out, F4 (Popup, 34, EV 77.5 MPH)
Pitching: RHP Ainanani Oliwa
Batting: LHB Tony Wonder 0-0: Ball
1-0: Ball
2-0: Swinging Strike
2-1: Swinging Strike
2-2: Ball
3-2: Base on Balls
Fa-hsien Tze to second
Batting: LHB Richello Mabait 0-0: Ball
1-0: Ball
2-0: Ball
3-0: Base on Balls
Fa-hsien Tze to third
Tony Wonder to second
Pinch Hitting: SHB Koryusai Ohayashi 0-0: Swinging Strike
0-1: Ball
1-1: Swinging Strike
1-2: Strikes out looking
Batting: LHB Jung-joon Yi 0-0: Called Strike
0-1: Ball
1-1: Ball
2-1: Ball
3-1: Fly out, F7 (Line Drive, 7, EV 90.0 MPH)
Bottom of the 9th over - 0 runs, 1 hit, 0 errors, 3 left on base; Vancouver 7 - Brooklyn 5
Friday, March 26th, 2021 - OOTP Baseball 20.8 Build 74